 Dungeon Crawl Stone Soup version 0.31-a0-740-g87205ac768 (webtiles) character file.

Game seed: 9427870483847635499

46 DocEon the Changeling (level 3, -2/28 HPs)
             Began as a Draconian Shapeshifter on Sept 12, 2023.
             Slain by a gnoll
             ... wielding a +0 spear
              (5 damage)
             ... on level 2 of the Dungeon.
             The game lasted 00:00:59 (608 turns).

DocEon the Changeling (Draconian Shapeshifter)       Turns: 608, Time: 00:01:00

Health: -2/28      AC:  5    Str: 18    XL:     3   Next: 44%
Magic:  3/3        EV: 12    Int: 10    God:
Gold:   51         SH:  0    Dex: 16    Spells: 2/2 levels left

rFire   . .          .
                       - Unarmed
rCold   . . .        (no shield)
rNeg    . . .        (body armour unavailable)
rPois   .            (helmet currently unavailable)
rElec   .            (cloak currently unavailable)
rCorr   .            (gloves currently unavailable)
SInv    .            (boots currently unavailable)
Will    .....        (no amulet)
Stlth   +            i - +6 ring of dexterity
HPRegen 0.24/turn    (no ring)
MPRegen 0.08/turn

%: no passive effects
@: beast-form
A: beast (slay +2), AC +5, unfitting armour, cold-blooded
a: Begin Untransformation


You were on level 2 of the Dungeon.
You were a hulking beast.
You visited 1 branch of the dungeon, and saw 2 of its levels.

You collected 51 gold pieces.

Inventory:

Armour
 g - a +0 cloak
 j - a +0 pair of gloves
Jewellery
 i - a +6 ring of dexterity (left hand)
Talismans
 b - a beast talisman (active)
 c - a flux talisman
Scrolls
 f - a scroll of teleportation {unknown}
 h - a scroll of poison {unknown}
Potions
 a - a potion of lignification
 d - a potion of ambrosia {unknown}
 e - a potion of mutation {unknown}
 k - a potion of brilliance {unknown}
 l - a potion of curing {unknown}


   Skills:
 - Level 1.1 Fighting
 - Level 1.7 Dodging
 - Level 3.0 Unarmed Combat
 * Level 4.3 Shapeshifting


You had 2 spell levels left.
You didn't know any spells.
Your spell library was empty.

Dungeon Overview and Level Annotations

Branches:
Dungeon (2/15)

Altars:


Innate Abilities, Weirdness & Mutations

You are a hulking beast.
Your limbs bulge with bestial killing power. (Slay +2)
Your plain brown scales are hard. (AC +5)
You cannot fit into any form of body armour.
You are cold-blooded and may be slowed by cold attacks.


Message History

You hit the gnoll.
You kill the gnoll!
Your Shapeshifting skill increases to level 4!
You have reached level 3!
Your experience leads to an increase in your attributes!
Your base attributes are Str 16, Int 10, Dex 10.
Increase (S)trength, (I)ntelligence, or (D)exterity?
You feel stronger. x2; Your scales feel tougher.
You see here a +0 spear.
You punch the gnoll! You tail-slap the gnoll.
You kill the gnoll!
The gnoll hits you from afar with a +0 spear.
You hit the kobold.
You kill the kobold!
The gnoll hits you from afar with a +0 spear.
The gnoll barely misses you. The rat bites you.
Things that are here:
a +0 short sword; a +0 club; a gnoll corpse You hit the rat but do no damage.
The gnoll barely misses you. The rat bites you but does no damage.
You hit the rat.
You kill the rat!
The gnoll hits you with a +0 spear.
You hit the gnoll.
The gnoll is moderately wounded.
The endoplasm closely misses you. The gnoll barely misses you.
You hit the gnoll.
The gnoll is severely wounded.
The endoplasm hits you. The gnoll barely misses you.
You closely miss the gnoll.
The gnoll is severely wounded.
The endoplasm misses you. The gnoll hits you with a +0 spear.
* * * LOW HITPOINT WARNING * * *
You barely miss the gnoll.
The gnoll is severely wounded.
The endoplasm freezes you.
You are frozen.
* * * LOW HITPOINT WARNING * * *
The gnoll hits you with a +0 spear.
You die...

# ######## ###
#.####...#..###.####
.......<†...........
#....#...#..........
#.#......##†########
#.................
#.#######.########
#h))......#
......Jg#########
..#.....' #.....##
........ .##.....#
#######


You could see a gnoll and an endoplasm.

Vanquished Creatures
  2 gnolls (D:2)
  5 bats
  An endoplasm (D:2)
  A giant cockroach (D:1)
  3 hobgoblins
  2 quokkas (D:1)
  6 frilled lizards
  2 goblins (D:1)
  3 kobolds
  2 rats
27 creatures vanquished.

Notes
Turn   | Place    | Note
-------+----------+-------------------------------------------
     0 | D:1      | DocEon the Draconian Shapeshifter began the quest for the
                  | Orb.
     0 | D:1      | Reached XP level 1. HP: 16/16 MP: 1/1
   115 | D:1      | Reached XP level 2. HP: 23/23 MP: 2/2
   598 | D:2      | Reached skill level 4 in Shapeshifting
   598 | D:2      | Reached XP level 3. HP: 25/28 MP: 3/3
   608 | D:2      | Slain by a gnoll

Illustrated notes

Levels and vault maps discovered:
D:1:      lightli_arrival_flooded_house, layout_basic
D:2:      layout_basic, hellmonk_ecumenical_altar_crossroads, minmay_lizard_pond

Skill      XL: |  1  2 |
---------------+-------+-----
Shapeshifting  | 4 |  4.3
Fighting       | |  1.1
Dodging        | |  1.7
Unarmed Combat | |  3.0

Action                     || total
---------------------------++-------
  Melee: Unarmed           ||    55
         Tailslap          ||     2
   Stab: Sleeping          ||     2
 Armour: Skin              ||    32
  Dodge: Dodged            ||    28

Table legend: (Time is in decaauts)
 A = Elapsed time spent in this place.
 B = Non-inter-level travel time spent in this place.
 C = Inter-level travel time spent in this place.
 D = Time resting spent in this place.
 E = Time spent auto-exploring this place.
 F = Levels seen in this place.
 G = Mean time per level.
                   A        B        C        D        E       F      G
               +--------+--------+--------+--------+--------+-----+--------+
         Total |    605 |    593 |     12 |     20 |    439 |   2 |  302.5 |
       Dungeon |    605 |    593 |     12 |     20 |    439 |   2 |  302.5 |
               +--------+--------+--------+--------+--------+-----+--------+

Top non-repeatable levels by time:
     D:1: 550 daAuts
     D:2: 54 daAuts
